 Dungeon Crawl Stone Soup version 0.19-a0-1127-gac58878 (webtiles) character file.

1504 Ijustatesigmund the Cudgeler (level 8, -1/64 HPs)
             Began as a Demonspawn Fighter on Aug 12, 2016.
             Was a Follower of Cheibriados.
             Slain by a tengu warrior
             ... wielding a +2 war axe
              (4 damage)
             ... on level 6 of the Dungeon.
             The game lasted 00:16:55 (5505 turns).

Ijustatesigmund the Cudgeler (Demonspawn Fighter)   Turns: 5505, Time: 00:16:55

Health: -1/64      AC: 13    Str: 20 (22) XL:     8   Next: 52%
Magic:  8/11       EV: 12    Int:  8 (10) God:    Cheibriados [*.....]
Gold:   288        SH: 11    Dex: 19 (21) Spells: 0 memorised, 7 levels left

rFire  . . .     SeeInvis +     a - +0 flail
rCold  . . .     Gourm    .     z - +0 chain mail
rNeg   . . .     Faith    .     c - +1 shield
rPois  .         Spirit   .     (helmet restricted)
rElec  .         Dismiss  .     (no cloak)
rCorr  .         Reflect  .     (no gloves)
SustAt .         Harm     .     (no boots)
MR     .....                    (no amulet)
Stlth  +.........               q - +3 ring of strength
                                j - ring of see invisible

@: agile, very slow
A: horns 1, iridescent scales 2, blurry vision 1, dopey 1, nightstalker 1,
powered by pain 2
a: Bend Time, Renounce Religion


You were on level 6 of the Dungeon.
You worshipped Cheibriados.
Cheibriados was aware of your devotion.
You were not hungry.

You visited 2 branches of the dungeon, and saw 7 of its levels.
You also visited: Ossuary.

You collected 288 gold pieces.

Inventory:

Hand Weapons
 a - a +0 flail (weapon)
Armour
 c - a +1 shield (worn)
 y - a +0 helmet
 z - a +0 chain mail (worn)
Jewellery
 g - an uncursed ring of sustain attributes
 j - a ring of see invisible (left hand)
 q - a +3 ring of strength (right hand)
Scrolls
 d - 3 scrolls of remove curse
 n - a scroll of fog
 r - a scroll of teleportation
Potions
 h - a potion of magic
 i - 3 potions of lignification
 k - a potion of cure mutation
 m - a potion of beneficial mutation {unknown}
 o - 2 potions of degeneration
 s - a potion of brilliance {unknown}
 t - 2 potions of agility
 v - a potion of flight {unknown}
Comestibles
 b - a slice of pizza
 f - 2 bread rations


   Skills:
 - Level 6.0 Fighting
 - Level 6.2 Maces & Flails
 - Level 3.4 Armour
 + Level 3.8 Dodging
 - Level 3.4 Shields
 + Level 4.0 Invocations


You had 7 spell levels left.
You didn't know any spells.

Dungeon Overview and Level Annotations

Branches:
Dungeon (6/15)             Temple (1/1) D:4

Altars:
Ashenzari
Cheibriados
Dithmenos
Elyvilon
Fedhas
Hepliaklqana
Kikubaaqudgha
Makhleb
Nemelex Xobeh
Okawaru
Pakellas
Qazlal
Ru
Sif Muna
Uskayaw
Xom
Yredelemnul
Zin

Shops:
D:4 *


Innate Abilities, Weirdness & Mutations

You are mostly covered in iridescent scales. (AC +4)
You are slightly more attuned to the shadows.
You sometimes gain power by taking damage.
You have a pair of small horns on your head.
Scrolls take you a little longer to read.
You are dopey. (Int -2)


Message History

The quokka twitches its whiskers.
You feel better.
The tengu warrior hits you but does no damage.
The tengu warrior barely misses you. You block the tengu warrior's attack.
It was a potion of degeneration.
There was something very wrong with that liquid.
You feel weakened.
You feel dopey.
You feel clumsy.
The tengu warrior hits you with an uncursed enchanted war axe!
* * * LOW HITPOINT WARNING * * *
The tengu warrior pecks you.
* * * LOW HITPOINT WARNING * * *
The tengu warrior claws you but does no damage.
Your magical contamination has completely faded away.
The flow of time bends around you.
Cheibriados rebukes the tengu warrior.
The tengu warrior seems to slow down.
You feel slightly more hungry.
You sock the tengu warrior! The tengu warrior blocks your attack.
The tengu warrior is almost dead.
The tengu warrior hits you with an uncursed enchanted war axe.
You die... #.... ##### #...... # #..... ## #r... #. #5hh ##. ## ## #Ss

##.. ..# .. #Q#
### #... ..# ##.
#@# #.# ##..
...#.. #####.#
#.# #.#
#.#.####.....#
#.# ##.#
#.....##.#####
#.#####..#
###.#...>#
#...##..#.
#.##..##
###.......
#.##.##
###.....###
#†####
######...##..###
#.#
#.!....###.....#


You could see a tengu warrior, a scorpion, an adder, a shadow imp, a quokka and
2 jackals.

Vanquished Creatures
  Grinder (D:3)
  A wraith (Ossuary)
  The ghost of Ijustatesigmund the Cudgeler, an amateur DsFi (D:4)
  2 ice beasts
  An ogre (D:5)
  A centaur (D:5)
  A giant frog (D:6)
  A scorpion (D:5)
  2 howler monkeys
  A hound (D:6)
  An orc priest (D:4)
  2 orc wizards
  2 worker ants
  A hound zombie (D:5)
  A mummy (Ossuary)
  8 gnolls
  9 adders
  An ooze (D:1)
  2 adder skeletons
  4 worms (D:3)
  6 dart slugs
  2 giant geckos
  7 orcs
  5 giant cockroaches
  4 goblins
  5 hobgoblins
  7 jackals (D:1)
  3 quokkas
  2 ball pythons
  8 bats
  4 giant newts
  3 gnoll skeletons (Ossuary)
  2 kobolds
  5 kobold skeletons (Ossuary)
  16 orc skeletons (Ossuary)
  10 rats
132 creatures vanquished.

Notes
Turn   | Place    | Note
-------+----------+-------------------------------------------
     0 | D:1      | Ijustatesigmund the Demonspawn Fighter began the quest for the Orb.
     0 | D:1      | Reached XP level 1. HP: 18/18 MP: 1/1
    86 | D:1      | Reached skill level 1 in Dodging
    88 | D:1      | Gained mutation: You sometimes gain a little power by taking damage. [demonic ancestry]
    88 | D:1      | Reached XP level 2. HP: 20/24 MP: 2/2
   452 | D:1      | Gained mutation: You are partially covered in iridescent scales. (AC +2) [demonic ancestry]
   452 | D:1      | Reached XP level 3. HP: 21/29 MP: 3/3
  1331 | D:2      | Found a snail-covered altar of Cheibriados.
  1387 | D:2      | Gained mutation: You are mostly covered in iridescent scales. (AC +4) [demonic ancestry]
  1387 | D:2      | Reached XP level 4. HP: 18/37 MP: 4/4
  1602 | D:3      | Found a blossoming altar of Fedhas.
  1602 | D:3      | Found a burning altar of Makhleb.
  1617 | D:3      | You fall through a shaft!
  1633 | D:4      | Found a white marble altar of Elyvilon.
  1679 | D:4      | Found a staircase to the Ecumenical Temple.
  1712 | D:4      | Found a basalt altar of Yredelemnul.
  1778 | D:4      | Reached XP level 5. HP: 36/42 MP: 5/5
  1879 | D:4      | Found Zin's Purification Station.
  1889 | D:4      | Found a glowing silver altar of Zin.
  1967 | D:4      | Found a sand-covered staircase.
  1986 | Ossuary  | Entered an ossuary
  1986 | Ossuary  | Noticed a wraith
  1986 | Ossuary  | Noticed a wraith
  1986 | Ossuary  | Noticed a wraith
  2190 | Ossuary  | Noticed a wraith
  2216 | Ossuary  | Killed a wraith
  2216 | Ossuary  | Gained mutation: You sometimes gain power by taking damage. [demonic ancestry]
  2216 | Ossuary  | Reached XP level 6. HP: 35/50 MP: 6/6
  2550 | D:3      | Reached skill level 5 in Maces & Flails
  2564 | D:3      | Noticed Grinder
  2587 | D:3      | Paralysed by Grinder for 6 turns
  2597 | D:3      | Killed Grinder
  2597 | D:3      | Reached skill level 5 in Fighting
  2597 | D:3      | Gained mutation: You are slightly more attuned to the shadows. [demonic ancestry]
  2597 | D:3      | Reached XP level 7. HP: 48/56 MP: 7/7
  2901 | D:3      | Found a sacrificial altar of Ru.
  2979 | D:3      | Found an iron altar of Okawaru.
  3343 | D:4      | Noticed Ijustatesigmund's ghost (amateur DsFi)
  3365 | D:4      | Killed Ijustatesigmund's ghost
  3514 | D:5      | Entered Level 5 of the Dungeon
  3836 | Temple   | Entered the Ecumenical Temple
  4029 | D:2      | Became a worshipper of Cheibriados the Contemplative
  4359 | D:5      | Reached skill level 1 in Invocations
  4359 | D:5      | Reached XP level 8. HP: 20/64 MP: 8/8
  4648 | D:5      | Found a hazy altar of Hepliaklqana.
  5428 | D:6      | Reached * piety under Cheibriados
  5443 | D:6      | Noticed a tengu warrior
  5465 | D:6      | Gained mutation: You have a pair of small horns on your head. [potion of mutation]
  5465 | D:6      | Gained mutation: Scrolls take you a little longer to read. [potion of mutation]
  5465 | D:6      | Gained mutation: You are dopey. (Int -2) [potion of mutation]
  5503 | D:6      | HP: 3/64 [tengu warrior/uncursed enchanted war axe (6)]
  5505 | D:6      | Slain by a tengu warrior

Vault maps used:
D:1:      eino_arrival_tree_alley
D:2:      cheibriados_altar_1, minmay_tiny_reverse_x
D:3:      gammafunk_temple_overflow_forgotten, nicolae_ru_awakened_eye,
          uniq_grinder
D:4:      kennysheep_ying_yang, zin_purify, first_bread,
          nicolae_ossuary_entry_ruins, minivault_1
D:5:      kennysheep_mini_moat
D:6:      minmay_three_doors
Temple:   chequers_temple_sunken
Ossuary:  ossuary_due_mausoleum

Skill      XL: |  1  2  3  4  5  6  7  8 |
---------------+-------------------------+-----
Dodging        | 1 2 3 |  3.8
Maces & Flails | 2 3 4 5 6 |  6.2
Fighting       | 4 5 6 |  6.0
Armour         | 3 |  3.4
Shields        | 3 |  3.4
Invocations    | 1 4 |  4.0

Action                   |  1- 3 |  4- 6 |  7- 9 || total
-------------------------+-------+-------+-------++-------
Melee: Flail             |   134 |   210 |   269 ||   613
       Headbutt          |       |       |     5 ||     5
Invok: Bend Time         |       |       |     1 ||     1
  Use: Scroll            |     3 |    10 |     4 ||    17
       Potion            |     1 |     8 |    14 ||    23
 Stab: Invisible         |       |       |     2 ||     2
  Eat: Chunk             |     2 |     3 |    12 ||    17
       Pizza             |       |     1 |       ||     1
Armor: Scale mail        |    77 |    75 |    69 ||   221
       Chain mail        |       |       |    69 ||    69
Dodge: Dodged            |    59 |    76 |   101 ||   236
Block: Shield            |    71 |    93 |   159 ||   323
